 Dungeon Crawl Stone Soup version 0.21.1-1-g345015fe64 (webtiles) character file.

89 Peloso the Skirmisher (level 4, -16/35 HPs)
             Began as a Demonspawn Fighter on Apr 29, 2018.
             Demolished by an orc warrior
             ... wielding a cursed +0 dire flail
              (20 damage)
             ... on level 6 of the Dungeon.
             The game lasted 00:02:56 (938 turns).

Peloso the Skirmisher (Demonspawn Fighter)           Turns: 938, Time: 00:02:56

Health: -16/35     AC: 11    Str: 23    XL:     4   Next: 31%
Magic:  4/4        EV:  6    Int:  9    God:
Gold:   77         SH:  9    Dex: 12    Spells: 3/3 levels left

rFire    . . .     SeeInvis .   a - +0 long sword
rCold    . . .     Gourm    .   c - +0 shield
rNeg     . . .     Faith    +   b - +0 plate armour
rPois    .         Spirit   .   (no helmet)
rElec    .         Reflect  .   (no cloak)
rCorr    .         Harm     .   (no gloves)
MR       .....                  (no boots)
Stlth    ..........             p - amulet of faith
HPRegen  0.11/turn              (no ring)
MPRegen  0.09/turn              (no ring)

@: mighty
A: hooves 1, repulsion field 1
a: no special abilities


You were on level 6 of the Dungeon.
You were not hungry.

You visited 1 branch of the dungeon, and saw 6 of its levels.

You collected 77 gold pieces.

Inventory:

Hand Weapons
 a - a +0 long sword (weapon)
Armour
 b - a +0 plate armour (worn)
 c - a +0 shield (worn)
Jewellery
 p - an amulet of faith (around neck)
Scrolls
 e - 3 scrolls of teleportation {unknown}
 h - a scroll of enchant weapon {unknown}
 j - 2 scrolls of identify {unknown}
 l - a scroll of amnesia {unknown}
 n - a scroll of remove curse {unknown}
 o - a scroll of fog {unknown}
Potions
 g - a potion of mutation {unknown}
 i - a potion of ambrosia {unknown}
 k - a potion of heal wounds {unknown}
 m - a potion of curing {unknown}
Comestibles
 f - a ration


   Skills:
 + Level 3.4 Fighting
 + Level 2.4 Long Blades
 + Level 3.2 Armour
 + Level 0.8 Dodging
 + Level 0.1 Stealth
 + Level 3.3 Shields


You had 3 spell levels left.
You didn't know any spells.

Dungeon Overview and Level Annotations

Branches:
Dungeon (6/15)
 Temple: D:4-7

Altars:
Vehumet


Innate Abilities, Weirdness & Mutations

You have large cloven feet.
You are surrounded by a mild repulsion field. (EV +2)


Message History

The orc warrior is moderately wounded.
You block the orc warrior's attack.
You hit the orc warrior but do no damage.
The orc warrior is moderately wounded.
You block the orc warrior's attack. The orc warrior closely misses you.
You riposte.
You closely miss the orc warrior.
You kick the orc warrior, but do no damage.
The orc warrior is moderately wounded.
You hit the orc warrior.
You kick the orc warrior, but do no damage.
The orc warrior is moderately wounded.
The orc warrior hits you with a dire flail!
* * * LOW HITPOINT WARNING * * *
You feel very mighty all of a sudden. You block the orc warrior's attack.
You closely miss the orc warrior.
The orc warrior is moderately wounded.
The orc warrior hits you with a dire flail!!
Ouch! That really hurt!
You die...

#.... ##.....##
......##.......###
..o...............
......##.......##.
o.... #.......###.
#### ##..........
##o#.#.###.
#o###.# #@# # #'#
#...# #.....#
#........
#......$..#
+.........+
#.........#
##.......##


You could see an orc warrior and an orc.

Vanquished Creatures
  A hound (D:6)
  A hound skeleton (D:6)
  2 adders
  An ooze (D:3)
  A worm (D:4)
  A dart slug (D:1)
  2 orcs (D:6)
  A giant cockroach (D:3)
  A goblin (D:3)
  2 hobgoblins (D:1)
  3 quokkas (D:3)
  A ball python skeleton (D:4)
  A bat (D:1)
  2 frilled lizards
  2 kobolds (D:1)
  A rat (D:1)
23 creatures vanquished.

Notes
Turn   | Place    | Note
-------+----------+-------------------------------------------
     0 | D:1      | Peloso the Demonspawn Fighter began the quest for the Orb.
     0 | D:1      | Reached XP level 1. HP: 18/18 MP: 1/1
   136 | D:1      | Gained mutation: You have large cloven feet. [demonic ancestry]
   136 | D:1      | Reached XP level 2. HP: 8/24 MP: 2/2
   387 | D:3      | Found a radiant altar of Vehumet.
   430 | D:3      | Gained mutation: You are surrounded by a mild repulsion field. (EV +2) [demonic ancestry]
   430 | D:3      | Reached XP level 3. HP: 15/29 MP: 3/3
   704 | D:5      | Entered Level 5 of the Dungeon
   809 | D:6      | Reached XP level 4. HP: 28/35 MP: 4/4
   923 | D:6      | Noticed an orc warrior
   938 | D:6      | Demolished by an orc warrior

Skill      XL: |  1  2 |
---------------+-------+-----
Shields        | 3 |  3.3
Long Blades    | 2 |  2.4
Armour         | 3 |  3.2
Fighting       | |  3.4
Dodging        | |  0.8
Stealth        | |  0.1

Action                   |  1- 3 |  4- 6 || total
-------------------------+-------+-------++-------
Melee: Long sword        |    69 |    20 ||    89
       Kick              |    19 |     8 ||    27
  Use: Potion            |       |     1 ||     1
Armor: Scale mail        |    73 |       ||    73
       Plate armour      |       |     5 ||     5
Dodge: Dodged            |    51 |     3 ||    54
Block: Shield            |    73 |     9 ||    82
       Rpst.: Long sword |    15 |     2 ||    17
